 Dungeon Crawl Stone Soup version 0.29-a0-472-ge5599a681e (webtiles) character file.

Game seed: 8603393100514182194

63 happo123 the Ruffian (level 3, -10/36 HPs)
             Began as a Troll Monk on May 22, 2022.
             Killed by divine providence
             ... invoked by an orc priest
              (12 damage)
             ... on level 3 of the Dungeon.
             The game lasted 00:05:25 (1498 turns).

happo123 the Ruffian (Troll Monk)                   Turns: 1498, Time: 00:05:26

Health: -10/36     AC:  4    Str: 21    XL:     3   Next: 89%
Magic:  2/2        EV: 10    Int:  6    God:
Gold:   88         SH:  0    Dex: 12    Spells: 2/2 levels left

rFire   . . .      SeeInvis .     - Unarmed
rCold   . . .      Faith    .   (no shield)
rNeg    . . .      Spirit   .   a - +0 robe
rPois   .          Reflect  .   (helmet restricted)
rElec   .          Harm     .   (no cloak)
rCorr   .          Rampage  .   (gloves unavailable)
Will    .....                   (boots unavailable)
Stlth   ++........              (no amulet)
HPRegen 0.92/turn               (no ring)
MPRegen 0.08/turn               (no ring)

@: no status effects
A: large, unfitting armour, claws 3, regeneration 1, shaggy fur 1, tough skin 1
a: no special abilities


You were on level 3 of the Dungeon.
You visited 1 branch of the dungeon, and saw 3 of its levels.

You collected 88 gold pieces.

Inventory:

Armour
 a - a +0 robe (worn)
Scrolls
 c - a scroll of summoning {unknown}
 d - 3 scrolls of identify {unknown}
 f - a scroll of amnesia {unknown}
 g - 3 scrolls of magic mapping {unknown}
 i - 3 scrolls of teleportation {unknown}
 k - 2 scrolls of fog {unknown}
 l - a scroll of poison {unknown}
Potions
 b - a potion of ambrosia
 e - 4 potions of flight {unknown}
 h - 2 potions of mutation {unknown}
 j - a potion of lignification {unknown}
 m - a potion of resistance {unknown}
 n - a potion of magic {unknown}
 o - 2 potions of degeneration {unknown}


   Skills:
 + Level 2.8 Fighting
 + Level 2.9 Dodging
 + Level 1.4 Stealth
 + Level 3.5 Unarmed Combat


You had 2 spell levels left.
You didn't know any spells.
Your spell library was empty.

Dungeon Overview and Level Annotations

Branches:
Dungeon (3/15)

Altars:


Innate Abilities, Weirdness & Mutations

You are too large for most types of armour.
You have claws for hands.
Your natural rate of healing is unusually fast.
You are covered in fur. (AC +1)
You have tough skin. (AC +1)


Message History

2 orcs come into view.
An orc is wielding a +1 dagger of venom and carrying a wand of acid (14).
Found a dagger.
The orc shouts! x2; You hear an angry hiss.
The orc priest invokes the aid of Beogh against you.
Pain shoots through your body!
You scratch the orc priest.
The orc priest is moderately wounded.
The orc priest hits you with a +0 mace.
You scratch the orc priest but do no damage.
The orc priest is moderately wounded.
The orc priest barely misses you.
You claw the orc priest!
The orc priest is almost dead.
The orc hits you with a +0 mace.
You scratch the orc.
The orc is lightly wounded.
The orc priest calls down the wrath of Beogh upon you.
Beogh smites you! The orc barely misses you.
You claw the orc!
You kill the orc!
The orc priest looks braver for a moment.
The orc misses you.
The orc priest calls down the wrath of Beogh upon you.
Beogh smites you!
* * * LOW HITPOINT WARNING * * *
The orc hits you with a +0 mace.
* * * LOW HITPOINT WARNING * * *
Things that are here:
a +1 dagger of venom; a +0 leather armour; a wand of acid (14)
You closely miss the orc priest.
The orc priest is almost dead.
The orc priest hits you with a +0 mace.
* * * LOW HITPOINT WARNING * * *
The orc barely misses you.
You scratch the orc priest.
The orc priest is almost dead.
The orc priest calls down the wrath of Beogh upon you.
Beogh smites you!
You die...

.####. ## ....#.
# $## ...#'#.
..# ...... ..#
#...# #.#
#.###...# #.#
.......o###.#
......o@....#
.#####..###.#
#).# #.# ##..#
#.#
....###.########
##.....#..<.....
#..###.##.#####
#..#
#.##.######.
#..#
#.##........


You could see an orc priest and an orc.

Vanquished Creatures
  An adder (D:2)
  3 dart slugs
  2 orcs
  8 ball pythons
  A bat (D:1)
  5 endoplasms
  2 giant cockroaches (D:2)
  5 hobgoblins
  3 jackals (D:1)
  A quokka (D:2)
  2 frilled lizards
  5 goblins
  7 rats
45 creatures vanquished.

Notes
Turn   | Place    | Note
-------+----------+-------------------------------------------
     0 | D:1      | happo123 the Troll Monk began the quest for the Orb.
     0 | D:1      | Reached XP level 1. HP: 22/22 MP: 0/0
   132 | D:1      | Reached XP level 2. HP: 29/29 MP: 1/1
   470 | D:1      | Found a faded altar of an unknown god.
  1000 | D:2      | Reached XP level 3. HP: 36/36 MP: 2/2
  1498 | D:3      | Killed from afar by an orc priest

Illustrated notes

Levels and vault maps discovered:
D:1:      dpeg_arrival_rooms_c, layout_loops_corners,
          nicolae_ecumenical_lake_church
D:2:      layout_basic
D:3:      layout_loops_ring, serial_shops, nicolae_shop_hallway_plus

Action                   || total
-------------------------++-------
Melee: Unarmed           ||   101
       Punch             ||     1
 Stab: Sleeping          ||     9
Armor: Robe              ||    36
Dodge: Dodged            ||    43

Table legend: (Time is in decaauts)
 A = Elapsed time spent in this place.
 B = Non-inter-level travel time spent in this place.
 C = Inter-level travel time spent in this place.
 D = Time resting spent in this place.
 E = Time spent auto-exploring this place.
 F = Levels seen in this place.
 G = Mean time per level.
                   A        B        C        D        E       F      G
               +--------+--------+--------+--------+--------+-----+--------+
         Total |   1495 |   1343 |    152 |      0 |   1003 |   3 |  498.3 |
       Dungeon |   1495 |   1343 |    152 |      0 |   1003 |   3 |  498.3 |
               +--------+--------+--------+--------+--------+-----+--------+

Top non-repeatable levels by time:
     D:1: 972 daAuts
     D:2: 469 daAuts
     D:3: 53 daAuts
